[Event "42nd Olympiad Baku 2016 Open"]
[Site "Baku"]
[Date "2016.09.08"]
[Round "6.28"]
[White "Brkic, Ante"]
[Black "Schandorff, Lars"]
[Result "1/2-1/2"]
[ECO "C95"]
[WhiteElo "2584"]
[BlackElo "2515"]
[Annotator ""]
[PlyCount "94"]
[EventDate "2016.??.??"]
[EventCountry "AZE"]
[SourceTitle "playchess.com"]
[Source "ChessBase"]
[WhiteTeam "Croatia"]
[BlackTeam "Denmark"]
[WhiteTeamCountry "CRO"]
[BlackTeamCountry "DEN"]
[TimeControl "40/5400+30:1800+30"]

1. e4 {(00:00} e5 {(00:00} 2. Nf3 {(00:00} Nc6 {
(00:00} 3. Bb5 {(00:00} a6 {(00:00} 4. Ba4 {(00:
00} Nf6 {(00:11} 5. O-O {(00:00} Be7 {(00:12} 6. Re1 {
(00:00} b5 {(00:13} 7. Bb3 {(00:00} d6 {(00:14}
8. c3 {(00:30} O-O {(00:13} 9. h3 {(00:04} Nb8 {
(00:57} 10. d4 {(00:09} Nbd7 {(00:13} 11. Nbd2 {
(00:06} c5 {(00:52} 12. Bc2 {(02:20} cxd4 {(03:
46} 13. cxd4 {(00:05} Bb7 {(00:09} 14. d5 {(07:11} Qc7
{(00:48} 15. Nf1 {(35:06} Rfc8 {(14:13} 16. Re2 {
(04:09} a5 {(01:44} 17. Be3 {(05:40} Nc5 {(06:
00} 18. Rc1 {(02:05} Qd7 {(09:00} 19. Ng3 {(01:34} Bd8
{(01:17} 20. Bb1 {(09:06} Na4 21. Bd3 {(07:05} Bb6 {
(10:52} 22. Bxb6 {(00:43} Nxb6 {(00:20} 23. Rec2 {
(00:56} b4 {(09:47} 24. Nf5 {(03:30} Qd8 {(08:
02} 25. Qd2 {(04:49} Rxc2 {(02:12} 26. Rxc2 {(00:01}
Bc8 {(02:40} 27. Nxg7 {(11:01} Kxg7 {(01:49} 28. Qg5+ {
(00:01} Kh8 {(06:39} 29. Rc6 {(00:01} Rb8 {(07:
33} 30. Nh4 {(02:47} Qe7 {(04:15} 31. f4 {(02:01} Ng8
{(05:05} 32. Qxe7 {(01:52} Nxe7 {(00:05} 33. Rxd6 {
(00:02} exf4 {(01:57} 34. Rd8+ {(00:21} Kg7 {(
00:30} 35. Bb5 {(00:01} Rb7 {(02:50} 36. d6 {(00:27}
Ng6 {(00:16} 37. Bc6 {(03:18} Nxh4 {(01:57} 38. Bxb7 {
(00:11} Bxb7 {(00:33} 39. Rb8 {(00:06} Bxe4 {(
00:46} 40. Rxb6 {(00:00} Kf6 {(00:00} 41. Rb5 {(06:31}
Ng6 {(13:46} 42. Rxa5 {(04:51} Ke6 {(01:51} 43. Rb5 {
(02:58} Bb1 {(02:00} 44. Rxb4 {(06:46} Bxa2 {(
00:08} 45. Rd4 {(00:19} Ne5 {(06:33} 46. Rxf4 {(01:48}
Kxd6 {(00:08} 47. Kh2 {(04:37} Bb1 {(02:46} 1/2-1/2

[Event "42nd Olympiad Baku 2016 Open"]
[Site "Baku"]
[Date "2016.09.08"]
[Round "6.25"]
[White "Hansen, Sune Berg"]
[Black "Saric, Ivan"]
[Result "1/2-1/2"]
[ECO "E97"]
[WhiteElo "2595"]
[BlackElo "2668"]
[Annotator ""]
[PlyCount "100"]
[EventDate "2016.??.??"]
[EventCountry "AZE"]
[SourceTitle "playchess.com"]
[Source "ChessBase"]
[WhiteTeam "Denmark"]
[BlackTeam "Croatia"]
[WhiteTeamCountry "DEN"]
[BlackTeamCountry "CRO"]
[TimeControl "40/5400+30:1800+30"]

1. d4 {(00:00} Nf6 {(00:00} 2. c4 {(00:00} g6 {(
00:00} 3. Nc3 {(00:27} Bg7 {(00:00} 4. e4 {(00:56} d6
{(00:00} 5. Nf3 {(01:04} O-O {(00:03} 6. Be2 {(
00:07} e5 {(00:06} 7. O-O {(01:22} Nc6 {(00:52} 8. d5
{(01:00} Ne7 {(00:05} 9. b4 {(00:07} a5 {(02:47]
} 10. bxa5 {(02:55} c5 {(01:51} 11. Bd2 {(01:20} Rxa5 {
(00:22} 12. a4 {(00:42} Ra6 {(00:40} 13. Rb1 {(
02:58} Ne8 {(04:37} 14. Rb2 {(04:09} h6 {(06:46} 15.
Qc1 {(02:53} g5 {(03:55} 16. Be3 {(11:24} f5 {(
01:59} 17. exf5 {(00:19} Nxf5 {(00:52} 18. Nd2 {(00:52]
} Nf6 {(06:37} 19. Ra2 {(09:08} Qe8 {(10:30} 20. Bd3 {
(07:44} Qh5 {(31:35} 21. Nde4 {(08:42} Nxe4 {(
00:50} 22. Nxe4 {(02:05} g4 {(04:44} 23. Qb1 {(02:57}
Qe8 {(03:51} 24. a5 {(13:19} Qd8 {(00:54} 25. Bd2 {
(00:19} Rf7 {(00:52} 26. Rb2 {(03:53} Nd4 {(06:
49} 27. Ng3 {(04:08} Qf8 {(04:59} 28. Rb6 {(05:31}
Rxb6 {(01:08} 29. Qxb6 {(00:28} Bf6 {(00:30} 30. Bg6 {
(02:03} Rd7 {(00:05} 31. Qb1 {(04:25} Bg5 {(02:
01} 32. Bxg5 {(03:51} hxg5 {(00:03} 33. Bf5 {(00:27}
Nxf5 {(01:56} 34. Qxf5 {(00:08} Qxf5 {(01:45} 35. Nxf5
{(00:05} Rd8 {(00:25} 36. Ng3 {(01:27} Kf7 {(02:
23} 37. Rb1 {(00:26} Ke8 {(00:23} 38. Rb3 {(02:53} Kd7
{(00:27} 39. Ne4 {(00:12} Kc7 {(00:30} 40. Nxg5 {
(00:00} Bd7 {(00:00} 41. f3 {(08:07} Rg8 {(05:
44} 42. Ne4 {(03:03} gxf3 {(00:45} 43. Rxf3 {(00:10}
Rg4 {(00:04} 44. Nc3 {(11:01} Rxc4 {(00:10} 45. h3 {
(00:07} b5 {(02:12} 46. axb6+ {(00:11} Kxb6 {(
00:03} 47. g4 {(02:19} Bxg4 {(02:57} 48. hxg4 {(00:11}
Rxg4+ {(00:02} 49. Kf2 {(00:39} c4 {(00:12} 50. Rf6 {
(06:09} Rf4+ {(06:03} 1/2-1/2

[Event "42nd Olympiad Baku 2016 Open"]
[Site "Baku"]
[Date "2016.09.08"]
[Round "6.26"]
[White "Palac, Mladen"]
[Black "Andersen, Mads"]
[Result "1/2-1/2"]
[ECO "B90"]
[WhiteElo "2623"]
[BlackElo "2535"]
[Annotator ""]
[PlyCount "77"]
[EventDate "2016.??.??"]
[EventCountry "AZE"]
[SourceTitle "playchess.com"]
[Source "ChessBase"]
[WhiteTeam "Croatia"]
[BlackTeam "Denmark"]
[WhiteTeamCountry "CRO"]
[BlackTeamCountry "DEN"]
[TimeControl "40/5400+30:1800+30"]

1. e4 {(00:00} c5 {(00:00} 2. Nf3 {(00:00} d6 {(
00:00} 3. d4 {(00:00} cxd4 {(00:00} 4. Nxd4 {(00:00}
Nf6 {(00:04} 5. Nc3 {(00:00} a6 {(00:08} 6. h3 {
(01:58} e6 {(00:23} 7. g4 {(00:05} d5 {(00:15}
8. exd5 {(04:31} Nxd5 {(00:17} 9. Nde2 {(00:27} Nxc3 {
(00:34} 10. Qxd8+ {(00:16} Kxd8 {(00:08} 11. Nxc3 {
(00:03} Bd7 {(00:12} 12. Bg2 {(06:39} Bc6 {(00:
31} 13. O-O {(00:09} Bxg2 {(02:46} 14. Kxg2 {(02:44}
Nd7 {(00:44} 15. Bf4 {(20:56} Rc8 {(16:17} 16. Rfd1 {
(12:41} Ke8 {(10:14} 17. Ne4 {(06:58} h5 {(07:
06} 18. c3 {(05:12} hxg4 {(18:13} 19. hxg4 {(00:01}
Nb6 {(00:14} 20. b3 {(03:58} Nd5 {(02:45} 21. Bg3 {
(02:43} Be7 {(05:10} 22. c4 {(03:48} Nf6 {(00:
39} 23. Nxf6+ {(01:00} Bxf6 {(00:42} 24. Rac1 {(00:01}
Bg5 {(11:46} 25. Rc3 {(01:40} Rd8 {(03:03} 26. Rcd3 {
(01:44} Rxd3 {(06:41} 27. Rxd3 {(00:02} Be7 {(
00:27} 28. b4 {(10:36} f5 {(03:51} 29. f3 {(06:34} Rh6
{(04:01} 30. c5 {(03:16} Rg6 {(01:00} 31. Rd4 {(
02:09} fxg4 {(01:05} 32. fxg4 {(00:01} Bf6 {(00:42}
33. Rd6 {(02:26} Rxg4 {(02:18} 34. Rb6 {(00:01} Bh4 {
(01:31} 35. Kh3 {(00:01} Rxg3+ {(00:25} 36. Kxh4 {
(00:01} Ra3 {(00:51} 37. Rxb7 {(00:50} Rxa2 {(
00:45} 38. Rxg7 {(00:20} Ra4 {(01:15} 39. Kg5 {(01:01}
1/2-1/2

[Event "42nd Olympiad Baku 2016 Open"]
[Site "Baku"]
[Date "2016.09.08"]
[Round "6.27"]
[White "Rasmussen, Allan Stig"]
[Black "Kozul, Zdenko"]
[Result "0-1"]
[ECO "E90"]
[WhiteElo "2522"]
[BlackElo "2622"]
[Annotator ""]
[PlyCount "80"]
[EventDate "2016.??.??"]
[EventCountry "AZE"]
[SourceTitle "playchess.com"]
[Source "ChessBase"]
[WhiteTeam "Denmark"]
[BlackTeam "Croatia"]
[WhiteTeamCountry "DEN"]
[BlackTeamCountry "CRO"]
[TimeControl "40/5400+30:1800+30"]

1. d4 {(00:00} Nf6 {(00:00} 2. c4 {(00:00} g6 {(
00:00} 3. Nc3 {(00:00} Bg7 {(00:02} 4. e4 {(00:00} d6
{(00:06} 5. Nf3 {(00:00} O-O {(00:14} 6. h3 {(
00:11} c6 {(02:52} 7. Be3 {(02:32} Na6 {(01:01} 8. g4
{(07:13} Qa5 {(22:34} 9. Nd2 {(01:16} Nd7 {(00:
30} 10. a3 {(15:41} c5 {(01:58} 11. Nb3 {(02:34} Qb6 {
(02:06} 12. Be2 {(08:57} cxd4 {(06:53} 13. Nxd4 {
(01:11} Qd8 {(01:06} 14. Rc1 {(03:15} Nc7 {(06:
10} 15. O-O {(05:12} a5 {(02:03} 16. Qc2 {(06:49} Nc5
{(06:43} 17. b4 {(00:53} axb4 {(00:32} 18. axb4 {
(00:06} N5a6 {(07:18} 19. Qb1 {(00:56} Bxd4 {(
04:10} 20. Bxd4 {(00:09} e5 {(00:18} 21. Be3 {(05:20}
Ne6 {(00:42} 22. Rcd1 {(04:48} Qh4 {(02:43} 23. Kg2 {
(17:59} Nac7 {(01:20} 24. Rxd6 {(01:18} Nf4+ {(
05:51} 25. Bxf4 {(00:08} exf4 {(00:04} 26. Qc1 {(04:31]
} Ne6 {(00:20} 27. Rd3 {(02:29} h5 {(03:51} 28. Qe1 {
(03:45} Ng5 {(06:26} 29. Rh1 {(01:03} Be6 {(00:
07} 30. f3 {(03:06} Qxe1 {(00:18} 31. Rxe1 {(00:01}
Bxc4 {(00:24} 32. Rd2 {(01:18} Ra3 {(01:30} 33. Rc1 {
(02:20} Bxe2 {(01:52} 34. Rxe2 {(00:25} Rc8 {(
00:39} 35. Rec2 {(00:12} h4 {(00:07} 36. Kf2 {(01:34}
Nxh3+ {(00:32} 37. Ke2 {(00:08} Ng5 {(00:15} 38. Nd5 {
(01:06} Rxc2+ {(00:19} 39. Rxc2 {(00:01} h3 {(
04:57} 40. Nxf4 {(00:00} Rxf3 {(00:00} 0-1

[Event "42nd Olympiad Baku 2016 Open"]
[Site "Baku"]
[Date "2016.09.08"]
[Round "6.30"]
[White "Karttunen, Mika"]
[Black "Dvirnyy, Danyyil"]
[Result "0-1"]
[ECO "B11"]
[WhiteElo "2458"]
[BlackElo "2543"]
[Annotator ""]
[PlyCount "118"]
[EventDate "2016.??.??"]
[EventCountry "AZE"]
[SourceTitle "playchess.com"]
[Source "ChessBase"]
[WhiteTeam "Finland"]
[BlackTeam "Italy"]
[WhiteTeamCountry "FIN"]
[BlackTeamCountry "ITA"]
[TimeControl "40/5400+30:1800+30"]

1. e4 {(00:00} c6 {(01:12} 2. Nc3 {(00:08} d5 {(
00:07} 3. Nf3 {(00:19} Bg4 {(00:24} 4. h3 {(00:13}
Bxf3 {(00:07} 5. gxf3 {(00:08} e6 {(03:34} 6. d4 {
(00:13} Nf6 {(16:28} 7. Rg1 {(04:08} g6 {(00:57]
} 8. Qd3 {(00:42} Na6 {(03:41} 9. Be3 {(02:40} Qa5 {
(01:45} 10. a3 {(07:30} Nd7 {(08:18} 11. Be2 {(
18:27} Be7 {(06:13} 12. Kf1 {(08:02} Qd8 {(04:49} 13.
Qd2 {(03:48} Nc7 {(01:07} 14. Bd3 {(07:27} O-O {
(03:42} 15. h4 {(05:33} Bxh4 {(04:45} 16. Bh6 {(
01:30} Re8 {(05:00} 17. e5 {(00:40} c5 {(02:33} 18.
Qf4 {(01:17} c4 {(03:09} 19. Be2 {(02:37} f5 {(
02:25} 20. Rh1 {(09:45} Be7 {(00:39} 21. Kg2 {(03:34}
Kf7 {(00:49} 22. Rag1 {(00:41} Rh8 {(06:32} 23. Kf1 {
(00:32} Nb8 {(00:15} 24. Nd1 {(00:53} Nc6 {(00:
20} 25. Ne3 {(00:43} Qd7 {(00:50} 26. c3 {(05:38} Rag8
{(02:19} 27. Bd1 {(01:07} b5 {(02:31} 28. Rh3 {(
01:15} Nd8 {(04:15} 29. Qh2 {(02:30} Ke8 {(04:07} 30.
Ng2 {(02:19} g5 {(03:57} 31. f4 {(01:35} g4 {(
00:20} 32. Rh5 {(00:15} Nf7 {(01:03} 33. Ne3 {(03:09}
Rg6 {(00:12} 34. Rh1 {(01:33} Nxh6 {(05:21} 35. Rxh6 {
(00:05} Rxh6 {(00:09} 36. Qxh6 {(00:06} Bf8 {(
00:07} 37. Qg5 {(04:51} Qe7 {(01:07} 38. f3 {(00:41}
Qxg5 {(00:28} 39. fxg5 {(00:04} gxf3 {(00:24} 40. g6 {
(00:00} h6 {(00:00} 41. Bxf3 {(03:32} Be7 {(06:
26} 42. Ke2 {(10:10} Kf8 {(01:48} 43. Bh5 {(01:44} Kg7
{(02:47} 44. Nc2 {(05:47} Rb8 {(01:56} 45. Rb1 {
(00:30} Rb6 {(04:17} 46. Rf1 {(04:32} Na6 {(04:
09} 47. Ne3 {(00:37} Bg5 {(00:12} 48. Nc2 {(01:26} Nb8
{(00:16} 49. Ne1 {(01:50} Nc6 {(03:12} 50. Nc2 {
(01:38} Ne7 {(00:56} 51. Rb1 {(00:21} Nxg6 {(00:
55} 52. Bf3 {(00:15} Nf4+ {(01:48} 53. Kf1 {(00:17}
Nd3 {(01:01} 54. b3 {(00:14} Nc1 {(00:24} 55. bxc4 {
(01:03} bxc4 {(00:04} 56. Rxb6 {(01:15} axb6 {(
00:06} 57. Nb4 {(00:04} Bd2 {(03:15} 58. Nc6 {(00:11}
Kf8 {(00:20} 59. Bd1 {(02:04} Nb3 {(00:39} 0-1

[Event "42nd Olympiad Baku 2016 Open"]
[Site "Baku"]
[Date "2016.09.08"]
[Round "6.29"]
[White "Vocaturo, Daniele"]
[Black "Nyback, Tomi"]
[Result "1-0"]
[ECO "C92"]
[WhiteElo "2583"]
[BlackElo "2580"]
[Annotator ""]
[PlyCount "81"]
[EventDate "2016.??.??"]
[EventCountry "AZE"]
[SourceTitle "playchess.com"]
[Source "ChessBase"]
[WhiteTeam "Italy"]
[BlackTeam "Finland"]
[WhiteTeamCountry "ITA"]
[BlackTeamCountry "FIN"]
[TimeControl "40/5400+30:1800+30"]

1. e4 {(00:00} e5 {(00:00} 2. Nf3 {(00:00} Nc6 {
(00:00} 3. Bb5 {(00:31} a6 {(00:00} 4. Ba4 {(00:
12} Nf6 {(00:00} 5. O-O {(00:13} Be7 {(00:14} 6. Re1 {
(00:13} b5 {(00:25} 7. Bb3 {(00:04} O-O {(01:34]
} 8. c3 {(00:15} d6 {(02:29} 9. h3 {(00:28} Bb7 {
(07:42} 10. d4 {(01:02} Re8 {(00:29} 11. Nbd2 {(
00:54} Bf8 {(01:42} 12. d5 {(01:07} Nb8 {(02:38} 13.
Nf1 {(02:51} Nbd7 {(01:33} 14. Ng3 {(01:20} h6 {
(09:14} 15. Nf5 {(05:10} Nc5 {(17:07} 16. Bc2 {(
00:29} a5 {(01:48} 17. b4 {(08:00} axb4 {(02:13} 18.
cxb4 {(00:06} Na6 {(01:39} 19. Bd2 {(11:12} c6 {
(02:05} 20. dxc6 {(00:28} Bxc6 {(00:09} 21. Rc1 {
(02:32} d5 {(05:44} 22. exd5 {(01:14} Bxd5 {(00:
39} 23. a3 {(01:13} Bxf3 {(03:35} 24. gxf3 {(00:19}
Nc7 {(00:15} 25. Re3 {(03:31} Qd7 {(04:43} 26. Qe2 {
(13:14} g6 {(06:48} 27. Ng3 {(00:09} Ncd5 {(01:
51} 28. Rb3 {(04:40} Rac8 {(03:57} 29. Qf1 {(10:46}
Qe6 {(04:54} 30. Rbb1 {(02:17} Nf4 {(06:15} 31. Bxf4 {
(01:09} exf4 {(00:05} 32. Ne4 {(00:09} Nd7 {(04:
10} 33. Kg2 {(03:46} Ne5 {(01:24} 34. Bd1 {(04:18}
Rcd8 {(02:02} 35. Qxb5 {(02:39} Bg7 {(04:12} 36. Qf1 {
(02:25} Rd4 {(02:40} 37. b5 {(01:55} Rxe4 {(01:
14} 38. fxe4 {(00:53} f3+ {(00:06} 39. Kh1 {(02:59}
Nd3 {(01:06} 40. Bb3 {(00:00} Qxe4 {(00:00} 41. Bc2 {
(04:45} 1-0

[Event "42nd Olympiad Baku 2016 Open"]
[Site "Baku"]
[Date "2016.09.08"]
[Round "6.31"]
[White "Rombaldoni, Axel"]
[Black "Ebeling, Daniel"]
[Result "1/2-1/2"]
[ECO "D11"]
[WhiteElo "2567"]
[BlackElo "2468"]
[Annotator ""]
[PlyCount "144"]
[EventDate "2016.??.??"]
[EventCountry "AZE"]
[SourceTitle "playchess.com"]
[Source "ChessBase"]
[WhiteTeam "Italy"]
[BlackTeam "Finland"]
[WhiteTeamCountry "ITA"]
[BlackTeamCountry "FIN"]
[TimeControl "40/5400+30:1800+30"]

1. d4 {(00:00} d5 {(00:00} 2. c4 {(00:11} c6 {(
00:00} 3. Nf3 {(00:14} e6 {(00:00} 4. Nbd2 {(00:24}
Nf6 {(00:01} 5. g3 {(00:49} Bd6 {(01:57} 6. Bg2 {
(00:27} O-O {(00:13} 7. O-O {(00:24} Nbd7 {(00:
38} 8. Qc2 {(03:04} Re8 {(01:02} 9. Rd1 {(01:39} Qe7 {
(01:38} 10. Nh4 {(08:55} Nf8 {(38:20} 11. e4 {(
19:37} dxe4 {(02:53} 12. c5 {(05:11} Bc7 {(00:51} 13.
Nxe4 {(00:17} Nxe4 {(08:04} 14. Bxe4 {(00:28} e5 {
(01:45} 15. d5 {(02:59} cxd5 {(00:40} 16. Bxd5 {
(00:20} Qf6 {(17:59} 17. Be3 {(06:32} Rd8 {(07:
16} 18. Be4 {(23:51} g6 {(04:25} 19. Rxd8 {(04:58}
Bxd8 {(02:56} 20. Nf3 {(03:58} Bc7 {(03:36} 21. c6 {
(01:57} bxc6 {(01:35} 22. Bxc6 {(00:49} Bf5 {(
00:47} 23. Qc4 {(06:39} Rb8 {(01:00} 24. Rd1 {(03:19}
Be6 {(00:35} 25. Qc3 {(02:21} Bxa2 {(00:43} 26. Ra1 {
(01:20} Be6 {(00:50} 27. Rxa7 {(00:02} Rb3 {(00:
19} 28. Qc1 {(01:18} e4 {(02:57} 29. Ng5 {(00:44} Bb6
{(00:35} 30. Bxb6 {(01:19} Rxb6 {(00:02} 31. Ra8 {
(00:17} Qxb2 {(01:08} 32. Qc5 {(01:03} Rb8 {(00:
07} 33. Rxb8 {(00:07} Qxb8 {(00:05} 34. Nxe4 {(00:19}
Qb2 {(00:47} 35. h4 {(00:23} Bd7 {(00:56} 36. Bd5 {
(01:07} Be6 {(00:03} 37. Bc6 {(00:32} Bd7 {(00:
02} 38. Bxd7 {(00:28} Qb1+ {(00:10} 39. Kh2 {(00:29}
Qxe4 {(00:31} 40. Bh3 {(00:00} h5 {(00:00} 41. Bg2 {
(01:25} Qe2 {(02:17} 42. Bd5 {(00:33} Qb2 {(01:
32} 43. Kg2 {(00:39} Qf6 {(00:54} 44. Qc6 {(00:40} Qe5
{(02:13} 45. Qb7 {(02:07} Qf5 {(00:56} 46. Qa8 {
(00:55} Qe5 {(03:28} 47. Qb7 {(00:19} Qf6 {(03:
29} 48. Qc6 {(03:51} Qf5 {(00:15} 49. Qa8 {(02:40} Kg7
{(00:35} 50. Qa1+ {(02:15} Kh7 {(00:23} 51. Qd1 {
(02:08} Qd7 {(03:26} 52. Qf3 {(01:15} Kg7 {(01:
46} 53. Qc3+ {(02:07} Kg8 {(00:26} 54. Qc6 {(02:40}
Qe7 {(02:39} 55. Qb7 {(01:52} Qf6 {(01:13} 56. Qc6 {
(01:15} Qf5 {(02:00} 57. Qa8 {(00:45} Kg7 {(01:
04} 58. Qa1+ {(00:26} Kh7 {(00:27} 59. Qd1 {(00:34}
Kg8 {(00:13} 60. Qf3 {(00:29} Qd7 {(00:10} 61. Qe4 {
(00:36} Qd6 {(01:25} 62. Qf3 {(01:01} Qe7 {(01:
02} 63. Qe4 {(01:07} Qf6 {(00:31} 64. Qf3 {(00:22} Qe7
{(01:17} 65. Qe4 {(00:14} Qc7 {(01:08} 66. Qc4 {
(00:41} Qa7 {(01:43} 67. Qe4 {(00:46} Qd7 {(00:
21} 68. Kg1 {(00:51} Qd6 {(01:00} 69. Qf3 {(00:10} Qe7
{(00:33} 70. Qe4 {(00:11} Qf6 {(00:16} 71. Qf3 {
(00:07} Qe7 {(00:41} 72. Qe4 {(00:14} Qf6 {(00:
08} 1/2-1/2

[Event "42nd Olympiad Baku 2016 Open"]
[Site "Baku"]
[Date "2016.09.08"]
[Round "6.32"]
[White "Sipila, Vilka"]
[Black "Moroni, Luca Jr"]
[Result "0-1"]
[ECO "D52"]
[WhiteElo "2447"]
[BlackElo "2459"]
[Annotator ""]
[PlyCount "120"]
[EventDate "2016.??.??"]
[EventCountry "AZE"]
[SourceTitle "playchess.com"]
[Source "ChessBase"]
[WhiteTeam "Finland"]
[BlackTeam "Italy"]
[WhiteTeamCountry "FIN"]
[BlackTeamCountry "ITA"]
[TimeControl "40/5400+30:1800+30"]

1. d4 {(00:29} Nf6 {(00:00} 2. c4 {(00:16} e6 {(
00:04} 3. Nc3 {(00:10} d5 {(00:18} 4. Nf3 {(00:16} c6
{(00:36} 5. Bg5 {(00:10} Nbd7 {(00:40} 6. e3 {(
00:16} Qa5 {(00:19} 7. cxd5 {(00:16} exd5 {(00:06} 8.
Bd3 {(00:20} Ne4 {(00:21} 9. O-O {(00:22} Nxg5 {
(00:48} 10. Nxg5 {(00:08} Nf6 {(00:34} 11. h3 {(
00:08} Bd6 {(04:37} 12. e4 {(00:23} dxe4 {(07:21} 13.
Ncxe4 {(00:51} Nxe4 {(02:27} 14. Nxe4 {(00:10} Be7 {
(01:58} 15. Re1 {(00:12} Be6 {(02:35} 16. Bc4 {(
01:29} O-O-O {(36:29} 17. Bxe6+ {(00:37} fxe6 {(00:02}
18. Qg4 {(02:45} Bb4 {(03:10} 19. Qxe6+ {(21:32} Kb8 {
(01:32} 20. Red1 {(01:55} Rhe8 {(02:18} 21. Qg4 {
(00:28} h5 {(02:07} 22. Qg6 {(08:32} Qc7 {(10:
09} 23. Ng5 {(19:06} Re2 {(11:07} 24. Rab1 {(07:59}
Qe7 {(05:19} 25. Nf3 {(00:31} h4 {(00:57} 26. Qd3 {
(12:26} Re4 {(06:12} 27. Qb3 {(05:10} Rd5 {(00:
43} 28. Rd3 {(02:40} Bd6 {(00:36} 29. Re3 {(01:38} g5
{(00:29} 30. Rbe1 {(09:34} Rxe3 {(00:01} 31. fxe3 {
(00:08} Qe4 {(00:50} 32. Nd2 {(00:24} Qg6 {(00:
36} 33. Qd1 {(00:22} Bg3 {(00:32} 34. Re2 {(03:04} Qd3
{(00:32} 35. Qf1 {(00:19} Rf5 {(00:13} 36. Nf3 {
(00:03} Qe4 {(00:33} 37. Qd1 {(00:16} g4 {(00:
31} 38. Nd2 {(02:45} Qe6 {(00:29} 39. hxg4 {(00:04}
Rf8 {(00:38} 40. Nf1 {(00:00} Qxg4 {(00:00} 41. Rd2 {
(03:19} Qg5 {(20:41} 42. d5 {(02:02} h3 {(07:49]
} 43. dxc6 {(02:24} Bc7 {(00:14} 44. Qe1 {(09:33} Qf5 {
(03:20} 45. gxh3 {(02:16} Qxh3 {(00:29} 46. Rg2 {
(00:05} Rh8 {(00:37} 47. Qb4 {(00:26} b6 {(00:
40} 48. Qe7 {(00:33} Qf3 {(00:38} 49. Ng3 {(03:11}
Qd1+ {(00:37} 50. Kf2 {(00:03} Qc2+ {(00:25} 51. Ne2 {
(00:49} Qxc6 {(00:30} 52. Nd4 {(00:15} Qc1 {(00:
32} 53. Qf7 {(05:26} Qd2+ {(00:30} 54. Kf3 {(00:49}
Rh3+ {(00:08} 55. Ke4 {(00:08} Qxg2+ {(00:09} 56. Kd3 {
(00:01} Rh2 {(00:56} 57. Qd7 {(01:17} Qf1+ {(00:
36} 58. Ke4 {(00:17} Rh4+ {(00:41} 59. Kd5 {(00:05}
Rh5+ {(00:15} 60. Ke4 {(00:10} Re5# 0-1